 Dungeon Sprint DCSS version 0.30.0-29-ga12c61a403 (webtiles) character file.

Game seed: 10743409565018622960

41806 Revguard the Messiah (level 14, -3/141 HPs)
             Began as a Hill Orc Fighter on June 19, 2023.
             Was the Champion of Beogh.
             Killed from afar by Azrael (30 damage)
             ... with damnation
             ... in the Dungeon (Sprint V: "Ziggurat Sprint").
             The game lasted 00:26:57 (2370 turns).

Revguard the Messiah (Hill Orc Fighter)             Turns: 2370, Time: 00:26:59

Health: -3/141     AC: 41    Str: 25    XL:     14   Next: 17%
Magic:  27/27      EV: 12    Int:  8    God:    Beogh [******]
Gold:   0          SH: 32    Dex: 15    Spells: 13/13 levels left

rFire   + + .        E - +14 lance "Wyrmbane" {slay drac, rPois rF+ rC+ AC+3}
rCold   + + .        K - +18 shield of the Gong {Loud rN+ Will+ rCorr EV-5}
rNeg    + . .        J - +15 Maxwell's patent armour {-Cast -Tele rElec Will+ rCorr}
rPois   +            S - +2 helmet {SInv}
rElec   +            v - +1 cloak of Starlight {*Dazzle EV+4 Stlth--}
rCorr   +            (no gloves)
SInv    +            (no boots)
Will    +++..        F - amulet of regeneration Stlth
                     T - ring "Qaonezu" {rC+ rCorr Str+3 Dex+3}
HPRegen 1.23/turn    c - ring "Miatibb" {rPois rF+ Slay+3}
MPRegen 0.20/turn

%: no teleportation, no spellcasting
@: lethally poisoned (-3 -> -4), studying 2 skills
A: walk on water
a: Renounce Religion, Smiting, Recall Orcish Followers, Give Item to Named
Follower, Resurrection


You were in the Dungeon.
You worshipped Beogh.
Beogh was exalted by your worship.
You visited 1 branch

Inventory:

Hand Weapons
 D - the +11 Singing Sword {sonic wave}
   (You found it in the Dungeon)
 E - the +14 lance "Wyrmbane" (weapon) {slay drac, rPois rF+ rC+ AC+3}
   (You found it in the Dungeon)

   AC:        It affects your AC (+3).
   rF:        It protects you from fire.
   rC:        It protects you from cold.
   rPois:     It protects you from poison.
 G - the +8 storm bow {elec, penet}
   (You found it in the Dungeon)
 H - the +27 heavy crossbow "Sniper" {heavy, Acc+∞ SInv}
   (You found it in the Dungeon)

   Acc+∞: It never misses its target.
   SInv:      It lets you see invisible.
 I - the +16 obsidian axe {drain, demonic, Mesm Drain Fly SInv}
   (You found it in the Dungeon)

   Mesm:      Its wielder is mesmerised by any visible foes, and it cannot be
   unequipped while any foes are visible.
   SInv:      It lets you see invisible.
   Fly:       It grants you flight.
   Drain:     It drains your maximum health when unequipped.
 O - the +9 arbalest "Kaastroa" {penet, rC+ Int+3 Stlth+}
   (You found it in the Dungeon)

   Int:       It affects your intelligence (+3).
   rC:        It protects you from cold.
   Stlth:     It makes you more stealthy.
 P - the +13 scythe of Curses {drain, curses, Drain}
   (You found it in the Dungeon)

   Drain:     It drains your maximum health when unequipped.
 U - the +9 staff of Olgreb {rPois∞}
   (You found it in the Dungeon)

   It enhances your poison magic.
   It grants immunity to poison.
   It can be activated via the 'a'bility menu to radiate toxic energy, with
   effectiveness depending on Evocations skill.
 V - the +3 broad axe of Sopt {flame, Str+4 SInv}
   (You found it in the Dungeon)

   Str:       It affects your strength (+4).
   SInv:      It lets you see invisible.
Armour
 s - the +2 leather armour of Broken Taboos {Regen+ Str-4 Dex+5 Slay+3}
   (You found it in the Dungeon)

   Str:       It affects your strength (-4).
   Dex:       It affects your dexterity (+5).
   Slay:      It affects your accuracy & damage with ranged weapons and melee
   (+3).
   Regen:     It increases your rate of health regeneration.
 v - the +1 cloak of Starlight (worn) {*Dazzle EV+4 Stlth--}
   (You found it in the Dungeon)

   *Dazzle:   It may blind those who miss an attack against the wearer in melee
   combat.
   EV:        It affects your evasion (+4).
   Stlth:     It makes you much less stealthy.
 J - the +15 Maxwell's patent armour (worn) {-Cast -Tele rElec Will+ rCorr}
   (You found it in the Dungeon)

   rElec:     It insulates you from electricity.
   -Cast:     It prevents spellcasting.
   -Tele:     It prevents most forms of teleportation.
   rCorr:     It protects you from acid and corrosion.
   Will:      It increases your willpower.
 K - the +18 shield of the Gong (worn) {Loud rN+ Will+ rCorr EV-5}
   (You found it in the Dungeon)

   Loud:      It is deafeningly noisy when blocking attacks.
   EV:        It affects your evasion (-5).
   rN:        It protects you from negative energy.
   rCorr:     It protects you from acid and corrosion.
   Will:      It increases your willpower.
 L - the +5 chain mail "Nemewu" {Int+2}
   (You found it in the Dungeon)

   Int:       It affects your intelligence (+2).
 S - a +2 helmet of see invisible (worn)
Jewellery
 c - the ring "Miatibb" (right hand) {rPois rF+ Slay+3}
   (You found it in the Dungeon)

   [ring of poison resistance]

   Slay:      It affects your accuracy & damage with ranged weapons and melee
   (+3).
   rF:        It protects you from fire.
   rPois:     It protects you from poison.
 F - an amulet of regeneration (around neck)
 T - the ring "Qaonezu" (left hand) {rC+ rCorr Str+3 Dex+3}
   (You found it in the Dungeon)

   [ring of protection from cold]

   Str:       It affects your strength (+3).
   Dex:       It affects your dexterity (+3).
   rC:        It protects you from cold.
   rCorr:     It protects you from acid and corrosion.
Wands
 y - a wand of digging (19)
 z - a wand of flame (42)
 A - a wand of mindburst (56)
 B - a wand of iceblast (40)
 C - a wand of quicksilver (13)
 M - a wand of charming (4)
Scrolls
 j - 4 scrolls of blinking
 n - a scroll of brand weapon
 o - 4 scrolls of amnesia
 p - 7 scrolls of fog
 q - 5 scrolls of identify
 r - 2 scrolls of fear
 Q - a scroll of acquirement
 W - 4 scrolls of enchant weapon
Potions
 d - 6 potions of might
 e - 10 potions of curing
 f - 16 potions of heal wounds
 g - 14 potions of haste
 h - 7 potions of magic
 i - 3 potions of berserk rage
 k - 2 potions of brilliance
 l - 2 potions of invisibility
 m - 4 potions of resistance
Miscellaneous
 b - a phial of floods
 x - a tin of tremorstones (inert)


   Skills:
 + Level 17.7 Fighting
 + Level 16.5 Polearms
 + Level 16.4 Armour
 + Level 12.6 Dodging
 + Level 16.4 Shields
 + Level 19.0 Invocations
 + Level 14.9 Evocations


You had 13 spell levels left.
You didn't know any spells.
Your spell library contained the following spells:

 Spells                   Type           Power      Damage    Failure   Level
 Apportation              Tloc           0%         N/A       99%         1
 Sandblast                Erth           0%         2d4       99%         1
 Shock                    Conj/Air       0%         1d3       99%         1
 Summon Small Mammal      Summ           0%         N/A       99%         1
 Call Imp                 Summ           0%         N/A       99%         2
 Poisonous Vapours        Pois/Air       0%         N/A       99%         2
 Call Canine Familiar     Summ           0%         N/A       100%        3
 Dazzling Flash           Conj/Hex       0%         N/A       100%        3
 Hailstorm                Conj/Ice       0%         3d3       100%        3
 Inner Flame              Hex/Fire       0%         N/A       100%        3
 Mephitic Cloud           Conj/Pois/Air  0%         N/A       100%        3
 Stone Arrow              Conj/Erth      0%         3d7       100%        3
 Summon Guardian Golem    Hex/Summ       0%         N/A       100%        3
 Swiftness                Air            0%         N/A       100%        3
 Airstrike                Air            0%         2d(0-16)  100%        4
 Animate Dead             Necr           0%         N/A       100%        4
 Cause Fear               Hex            0%         N/A       100%        4
 Flame Wave               Conj/Fire      0%         2d4       100%        4
 Fulminant Prism          Conj/Hex       0%         3d5       100%        4
 Ice Form                 Ice/Tmut       0%         N/A       100%        4
 Petrify                  Tmut/Erth      0%         N/A       100%        4
 Sticky Flame             Conj/Fire      0%         2d3       100%        4
 Summon Lightning Spire   Summ/Air       0%         N/A       100%        4
 Alistair's Intoxication  Tmut/Pois      0%         N/A       100%        5
 Fireball                 Conj/Fire      0%         3d3       100%        5
 Freezing Cloud           Conj/Ice/Air   0%         6-21      100%        5
 Iskenderun's Battlesphe  Conj           0%         2d6       100%        5
 Metabolic Englaciation   Hex/Ice        0%         N/A       100%        5
 Summon Forest            Summ/Tloc      0%         N/A       100%        5
 Summon Mana Viper        Hex/Summ       0%         N/A       100%        5
 Conjure Ball Lightning   Conj/Air       0%         3x3d6     100%        6
 Iron Shot                Conj/Erth      0%         9d1       100%        6
 Simulacrum               Ice/Necr       0%         N/A       100%        6
 Summon Cactus Giant      Summ           0%         N/A       100%        6
 Malign Gateway           Summ/Tloc      0%         N/A       100%        7
 Orb of Destruction       Conj           0%         9d5       100%        7
 Ozocubu's Refrigeration  Ice            0%         4d7       100%        7
 Spellforged Servitor     Conj/Summ      0%         N/A       100%        7
 Summon Horrible Things   Summ           0%         N/A       100%        8
 Polar Vortex             Ice            0%         N/A       100%        9


Dungeon Overview and Level Annotations

Branches:
Dungeon (1/1)

Altars:
Ashenzari
Cheibriados
Dithmenos
Elyvilon
Fedhas
Gozag
Hepliaklqana
Kikubaaqudgha
Makhleb
Nemelex Xobeh
Okawaru
Qazlal
Ru
Sif Muna
Trog
Uskayaw
Vehumet
Wu Jian
Xom
Yredelemnul
Zin
The Shining One
Beogh
Jiyva
Lugonu

Annotations:
D Azrael, Blork the orc, Gastronok, Roxanne


Message History

You block the arrow. You block the river rat's attack.
PTOANNNG!
Azrael gestures at you.
The fireball explodes!
The fireball engulfs you! You resist.
* * * LOW HITPOINT WARNING * * *
The fireball engulfs the river rat!!!
The river rat dies!
The river rat's corpse disappears in a puff of smoke!
The fireball engulfs Azrael.
Azrael completely resists.
You feel much better.
You feel sick.
Alork shoots a bolt.
The bolt hits Azrael.
Nessos shoots an arrow.
The arrow barely misses you. You block Azrael's attack.
GONNNNG!
Unknown command.
Really release a tremorstone near your ally Alork?
This attack would place you under penance!
The tremorstone explodes into fragments!
The burst of rock shards engulfs Nessos!
The burst of rock shards engulfs Azrael!
The burst of rock shards engulfs Nessos.
The burst of rock shards engulfs you but does no damage.
The burst of rock shards engulfs Nessos!
The burst of rock shards engulfs Azrael.
The burst of rock shards engulfs Nessos.
You kill Nessos!
Beogh accepts your kill.
The tin is emptied!
You feel sick.
Alork shoots a bolt.
The bolt hits Azrael!
Azrael laughs insanely.
Azrael gestures at you.
The sphere of damnation explodes!
The damnation engulfs you!
* * * LOW HITPOINT WARNING * * *
The damnation engulfs Azrael.
Azrael completely resists.
Your tin of tremorstones (1/2) has regained one charge.
Really release a tremorstone near your ally Alork?
This attack would place you under penance!
The tremorstone explodes into fragments!
The burst of rock shards engulfs Azrael.
The burst of rock shards engulfs you but does no damage.
The burst of rock shards engulfs Azrael!
The tin is emptied!
You feel sick.
Alork shoots a bolt.
The bolt hits Azrael.
Azrael gestures at you.
The sphere of damnation explodes!
The damnation engulfs you!!
You die...

..)).._▓
..)).):)[8.○"..▓...|[)).
......8▓
..})?=[}=:?[}..▓...[.).)
..=..._▓
...............▓........
......8▓
...............▓........
......_▓
......)).|.....▓........
......8▓
....|))..).....▓........
......_▓
.....w.).).....▓........
......8▓
........[†.....▓..▓.....
......_▓
.......@R......▓.▓▓▓....
......8▓
...▓.......▓...▓..▓.....
......_▓ . ▓▓.....▓▓
.▓........ 8_8_8_8▓
...▓.......▓...▓......©.
▓▓▓▓▓▓▓▓
...........o...▓▓▓▓▓▓▓▓▓
.......©.......▓....~8©8
▓▓▓▓▓▓▓▓▓▓▓▓▓▓▓▓~~)))~)~
▓..~~=~[~ ▓.~~.)...


You could see Gastronok (swift), Azrael (ally target) and the friendly Alork the
orc knight.

Vanquished Creatures
  A lich (D)
  Frances (D)
  An acid blob (D)
  2 shadow dragons (D)
  Kirke (D)
  Agnes (D)
  A storm dragon (D)
  An azure jelly (D)
  A ghoul (D)
  Nessos (D)
  2 white draconians (D)
  A yellow draconian (D)
  Snorg (D)
  4 merfolk javelineers (D)
  A merfolk impaler (D)
  A great orb of eyes (D)
  Josephine (D)
  Harold (D)
  2 merfolk aquamancers (D)
  3 spriggan air magi (D)
  3 ice dragons (D)
  Nergalle (D)
  2 soul eaters (D)
  Sonja (D)
  A skeletal warrior (D)
  A wretched star (D)
  A necromancer (D)
  8 draconians (D)
  2 manticores (D)
  A water nymph (D)
  Maurice (D)
  Psyche (D)
  2 rime drakes (D)
  2 ice devils (D)
  4 merfolk (D)
  A polar bear (D)
  Prince Ribbit (D)
  5 wind drakes (D)
  2 tarantellas (D)
  2 air elementals (D)
  A snapping turtle (D)
  A ynoxinul (D)
  3 jumping spiders (D)
  A wyvern (D)
  Grum (D)
  A steam dragon (D)
  Menkaure (D)
  A chaos spawn (D)
  2 nagas (D)
  An acid dragon (D)
  2 water moccasins (D)
  Pargi (D)
  2 swamp drakes (D)
  An ice beast (D)
  2 scorpions (D)
  A wight (D)
  A starcursed mass (D)
  Jessica (D)
  4 iguanas (D)
  An orc wizard (D)
  2 adders (D)
  3 white imps (D)
  An adder zombie (D)
  3 adder skeletons (D)
  A spectral bat (D)
  3 ball pythons (D)
  2 bat skeletons (D)
  3 bat zombies (D)
  2 endoplasms (D)
  A jackal (D)
  A ball python skeleton (D)
  4 ball python zombies (D)
  A giant cockroach zombie (D)
  2 quokka skeletons (D)
  A quokka zombie (D)
  A spectral ball python (D)
  2 spectral quokkas (D)
132 creatures vanquished.

Vanquished Creatures (collateral kills)
  A titan (D)
  2 shadow dragons (D)
  2 rockslimes (D)
  A merfolk impaler (D)
  An ice dragon (D)
  A spriggan air mage (D)
  A thrashing horror (D)
  2 soul eaters (D)
  A skeletal warrior (D)
  2 draconians (D)
  A cyclops (D)
  A black mamba (D)
  2 slime creatures (D)
  2 ice devils (D)
  An ancient zyme (D)
  A merfolk (D)
  A raiju (D)
  A naga (D)
  An orc warrior (D)
  2 orc wizards (D)
  A necrophage (D)
  2 wights (D)
  An orc priest (D)
  3 starcursed masses (D)
  An iron imp (D)
  A white imp (D)
  An ufetubus (D)
  2 adder zombies (D)
  A ball python (D)
  A bat skeleton (D)
  2 endoplasms (D)
  A ball python zombie (D)
  A bat simulacrum (D)
  A giant cockroach zombie (D)
  A jackal zombie (D)
  A spectral quokka (D)
48 creatures vanquished.

Vanquished Creatures (others)
  An orc high priest (D)
  Blork the orc (D)
  An orc wizard (D)
  3 orcs (D)
6 creatures vanquished.

Grand Total: 186 creatures vanquished

Notes
Turn   | Place    | Note
-------+----------+-------------------------------------------
     0 | D        | Revguard the Hill Orc Fighter began the quest for the Orb.
     0 | D        | Reached XP level 1. HP: 19/19 MP: 1/1
     0 | D        | Found a shimmering blue altar of Sif Muna.
     0 | D        | Found a bloodstained altar of Trog.
     0 | D        | Found a sacrificial altar of Ru.
     0 | D        | Found a stormy altar of Qazlal.
     0 | D        | Found an iron altar of Okawaru.
     1 | D        | Found a sparkling altar of Nemelex Xobeh.
     1 | D        | Found a blossoming altar of Fedhas.
     1 | D        | Found the +6 Majin-Bo {spellvamp, MP+6 Int+6}
     1 | D        | Found the +27 heavy crossbow "Sniper" {heavy, Acc+∞ SInv}
     1 | D        | Found the +10 dark maul {heavy}
     1 | D        | Found the +15 Maxwell's patent armour {-Cast -Tele rElec
                  | Will+ rCorr}
     1 | D        | Found the +18 shield of the Gong {Loud rN+ Will+ rCorr
                  | EV-5}
     1 | D        | Found the +16 obsidian axe {drain, demonic, Mesm Drain Fly
                  | SInv}
     1 | D        | Found the +7 great mace "Firestarter" {flame, immolate,
                  | rFlCloud rF++}
     1 | D        | Found the +6 shillelagh "Devastator" {shatter}
     1 | D        | Found the +11 plutonium sword {Contam Stlth-}
     1 | D        | Found the +8 lance "Wyrmbane" {slay drac, rPois rF+ rC+
                  | AC+3}
     1 | D        | Found the +9 sword of Zonguldrok {reap}
     1 | D        | Found the +13 scythe of Curses {drain, curses, Drain}
     1 | D        | Found the +9 sword of Power {lifebolt}
     1 | D        | Found the +7 mace of Variability {chaos, chaos arc}
     1 | D        | Found the +11 Singing Sword {sonic wave}
     1 | D        | Found the +8 storm bow {elec, penet}
     3 | D        | Found a transporter.
     3 | D        | Found an ancient bone altar of Kikubaaqudgha.
     3 | D        | Found a viscous altar of Jiyva.
     3 | D        | Found a corrupted altar of Lugonu.
     3 | D        | Found a hazy altar of Hepliaklqana.
     3 | D        | Found a burning altar of Makhleb.
     3 | D        | Found an opulent altar of Gozag.
    27 | D        | Became a worshipper of Beogh the Brigand
    83 | D        | Reached skill level 1 in Dodging
    83 | D        | Reached skill level 4 in Invocations
    83 | D        | Reached XP level 2. HP: 28/28 MP: 1/5
    88 | D        | Entered arena 2.
    88 | D        | Noticed a merfolk
    88 | D        | Noticed a merfolk
    88 | D        | Found a transporter.
    99 | D        | Killed a merfolk
   100 | D        | Reached skill level 5 in Armour
   100 | D        | Reached skill level 6 in Invocations
   100 | D        | Reached XP level 3. HP: 24/38 MP: 2/7
   100 | D        | Reached XP level 4. HP: 29/45 MP: 2/8
   100 | D        | Reached XP level 5. HP: 32/51 MP: 2/9
   100 | D        | Reached XP level 6. HP: 37/58 MP: 2/10
   109 | D        | Killed a merfolk
   110 | D        | Reached skill level 7 in Invocations
   110 | D        | Reached skill level 5 in Evocations
   110 | D        | Reached XP level 7. HP: 30/66 MP: 3/12
   229 | D        | Entered arena 3.
   229 | D        | Noticed a jumping spider
   229 | D        | Noticed a tarantella
   229 | D        | Found a transporter.
   236 | D        | Killed a tarantella
   236 | D        | Reached * piety under Beogh
   237 | D        | Reached skill level 8 in Invocations
   240 | D        | Reached skill level 5 in Dodging
   251 | D        | Killed a jumping spider
   252 | D        | Reached XP level 8. HP: 75/75 MP: 14/14
   262 | D        | Entered arena 4.
   262 | D        | Noticed a jumping spider
   262 | D        | Noticed a tarantella
   262 | D        | Noticed a jumping spider
   262 | D        | Found a transporter.
   271 | D        | Killed a tarantella
   271 | D        | Reached ** piety under Beogh
   272 | D        | Reached skill level 9 in Invocations
   274 | D        | Killed a jumping spider
   290 | D        | Killed a jumping spider
   290 | D        | Reached *** piety under Beogh
   296 | D        | Entered arena 5.
   296 | D        | Found a transporter.
   360 | D        | Entered arena 6.
   360 | D        | Found a transporter.
   367 | D        | Reached **** piety under Beogh
   383 | D        | Reached skill level 10 in Invocations
   383 | D        | Reached XP level 9. HP: 80/84 MP: 16/16
   392 | D        | Entered arena 7.
   392 | D        | Noticed a white draconian
   392 | D        | Noticed a draconian
   392 | D        | Noticed a draconian
   392 | D        | Noticed a draconian
   392 | D        | Noticed a draconian
   392 | D        | Noticed a draconian
   408 | D        | Killed a draconian
   413 | D        | Killed a draconian
   414 | D        | Reached skill level 10 in Fighting
   415 | D        | Killed a draconian
   415 | D        | Reached ***** piety under Beogh
   416 | D        | Reached skill level 11 in Invocations
   417 | D        | Killed a draconian
   418 | D        | Reached skill level 10 in Shields
   418 | D        | Found a transporter.
   422 | D        | Killed a draconian
   423 | D        | Reached skill level 10 in Polearms
   423 | D        | Reached skill level 10 in Armour
   423 | D        | Reached XP level 10. HP: 68/95 MP: 18/18
   428 | D        | Killed a white draconian
   429 | D        | Reached skill level 12 in Invocations
   436 | D        | Got the ring "Miatibb" {rPois rF+ Slay+3}
   526 | D        | Entered arena 8.
   544 | D        | Found a transporter.
   805 | D        | Entered arena 9.
   805 | D        | Noticed a yellow draconian
   805 | D        | Noticed a draconian
   805 | D        | Noticed a draconian
   805 | D        | Noticed a draconian
   805 | D        | Noticed a draconian
   805 | D        | Noticed a white draconian
   805 | D        | Noticed a draconian
   819 | D        | Killed a draconian
   823 | D        | Killed a draconian
   823 | D        | Reached ****** piety under Beogh
   827 | D        | Killed a draconian
   830 | D        | Killed a yellow draconian
   831 | D        | Reached skill level 13 in Invocations
   831 | D        | Reached skill level 10 in Evocations
   831 | D        | Reached XP level 11. HP: 100/104 MP: 20/20
   838 | D        | Killed a white draconian
   843 | D        | Killed a draconian
   848 | D        | Killed a draconian
   849 | D        | Found a transporter.
   863 | D        | Got the +2 leather armour of Broken Taboos {Regen+ Str-4
                  | Dex+5 Slay+3}
   932 | D        | Entered arena 10.
   933 | D        | Found a transporter.
   938 | D        | Gained Bogwik as an ally
   944 | D        | Got the ring of Petaynn {Fly rC+ rN+ Will+}
   948 | D        | Got the Writings on Familiar Execration
   958 | D        | Entered arena 11.
   958 | D        | Found the +3 giant club "Skullcrusher" {speed, Str+7}
   958 | D        | Found the +1 cloak of Starlight {*Dazzle EV+4 Stlth--}
   959 | D        | Found a transporter.
   968 | D        | Got the Directory of the Barracuda
   987 | D        | Entered arena 12.
   987 | D        | Noticed a necromancer
   987 | D        | Noticed a skeletal warrior
   987 | D        | Noticed a skeletal warrior
   988 | D        | Noticed a lich
   990 | D        | Found a transporter.
  1006 | D        | Killed a necromancer
  1008 | D        | Killed a skeletal warrior
  1009 | D        | Reached skill level 14 in Invocations
  1015 | D        | Killed a skeletal warrior
  1040 | D        | Killed a lich
  1265 | D        | Got the +8 glaive of Blood {holy, rC- rN+ Stlth+}
  1296 | D        | Entered arena 13.
  1296 | D        | Noticed a spriggan air mage
  1296 | D        | Noticed a spriggan air mage
  1296 | D        | Noticed a spriggan air mage
  1296 | D        | Noticed a titan
  1296 | D        | Noticed a spriggan air mage
  1297 | D        | Noticed a storm dragon
  1298 | D        | Found a transporter.
  1298 | D        | Paralysed by an air elemental for 1 turns
  1301 | D        | Killed a spriggan air mage
  1303 | D        | Killed a spriggan air mage
  1304 | D        | Reached XP level 12. HP: 83/116 MP: 21/23
  1307 | D        | Killed a spriggan air mage
  1308 | D        | Reached skill level 15 in Invocations
  1313 | D        | Killed a titan
  1314 | D        | Reached skill level 10 in Dodging
  1318 | D        | Killed a storm dragon
  1318 | D        | Gained Alork as an ally
  1325 | D        | Killed a spriggan air mage
  1335 | D        | Got Improving Your Sorcery
  1349 | D        | Got the +5 chain mail "Nemewu" {Int+2}
  1533 | D        | Entered arena 14.
  1534 | D        | Noticed a wretched star
  1534 | D        | Noticed a starcursed mass
  1535 | D        | Noticed a thrashing horror
  1543 | D        | Killed a wretched star
  1545 | D        | Killed a thrashing horror
  1546 | D        | Found a transporter.
  1549 | D        | Paralysed by accursed screaming for 2 turns
  1557 | D        | Killed a starcursed mass
  1573 | D        | Got the ring of Compulsion {*Slow rF+ Int+2 SInv}
  1739 | D        | Entered arena 15.
  1740 | D        | Noticed an azure jelly
  1740 | D        | Noticed a rockslime
  1746 | D        | Noticed a great orb of eyes
  1748 | D        | Noticed a rockslime
  1750 | D        | Noticed an acid blob
  1758 | D        | Killed an azure jelly
  1758 | D        | Killed a rockslime
  1759 | D        | Reached skill level 15 in Fighting
  1759 | D        | Reached skill level 16 in Invocations
  1765 | D        | Killed an acid blob
  1769 | D        | Killed a great orb of eyes
  1769 | D        | Killed a rockslime
  1775 | D        | Found a transporter.
  1807 | D        | Entered arena 16.
  1808 | D        | Noticed an ice dragon
  1808 | D        | Noticed an ice dragon
  1808 | D        | Noticed an ice dragon
  1808 | D        | Found the +5 glaive of the Guard {elec, spectral, AC+5}
  1808 | D        | Noticed an ice dragon
  1820 | D        | Reached XP level 13. HP: 115/127 MP: 25/25
  1824 | D        | Killed an ice dragon
  1827 | D        | Killed an ice dragon
  1847 | D        | Your ally Bogwik died
  1851 | D        | Killed an ice dragon
  1854 | D        | Killed an ice dragon
  1855 | D        | Reached skill level 17 in Invocations
  1867 | D        | Found a transporter.
  1891 | D        | Got the ring "Qaonezu" {rC+ rCorr Str+3 Dex+3}
  2117 | D        | Entered arena 17.
  2120 | D        | Noticed a shadow dragon
  2120 | D        | Noticed a shadow dragon
  2121 | D        | Noticed a shadow dragon
  2148 | D        | Killed a shadow dragon
  2158 | D        | Killed a shadow dragon
  2159 | D        | Reached skill level 15 in Polearms
  2166 | D        | Killed a shadow dragon
  2167 | D        | Reached skill level 15 in Armour
  2167 | D        | Reached skill level 15 in Shields
  2187 | D        | Found a transporter.
  2203 | D        | Got the Compilation of the Repulsive Swarm
  2206 | D        | Got the ring "Faysk" {Ice Will+ Str+2}
  2214 | D        | Entered arena 18.
  2217 | D        | Noticed a merfolk javelineer
  2217 | D        | Noticed a merfolk javelineer
  2217 | D        | Noticed a merfolk impaler
  2218 | D        | Noticed a merfolk javelineer
  2218 | D        | Noticed a merfolk javelineer
  2218 | D        | Noticed a merfolk impaler
  2219 | D        | Found a transporter.
  2220 | D        | Killed a merfolk javelineer
  2220 | D        | Killed a merfolk javelineer
  2223 | D        | Reached skill level 18 in Invocations
  2225 | D        | Killed a merfolk javelineer
  2225 | D        | Killed a merfolk javelineer
  2225 | D        | Killed a merfolk impaler
  2226 | D        | Killed a merfolk impaler
  2239 | D        | Got the +9 arbalest "Kaastroa" {penet, rC+ Int+3 Stlth+}
  2243 | D        | Got the ring of Nacweke {AC+4 Dex+4}
  2259 | D        | Got the Tome of Allied Excavation
  2265 | D        | Entered arena 19.
  2268 | D        | Found the +9 staff of Olgreb {rPois∞}
  2269 | D        | Noticed a ghoul
  2269 | D        | Noticed a shadow dragon
  2275 | D        | Found a transporter.
  2283 | D        | Killed a ghoul
  2291 | D        | Killed a shadow dragon
  2292 | D        | Reached XP level 14. HP: 137/140 MP: 27/27
  2299 | D        | Got the +3 broad axe of Sopt {flame, Str+4 SInv}
  2347 | D        | Entered arena 20.
  2352 | D        | Noticed Gastronok
  2352 | D        | Noticed Maurice
  2352 | D        | Noticed Nessos
  2352 | D        | Noticed Sonja
  2352 | D        | Noticed Snorg
  2352 | D        | Noticed Josephine
  2352 | D        | Noticed Pargi
  2352 | D        | Noticed Frances
  2352 | D        | Noticed Menkaure
  2352 | D        | Noticed Kirke
  2352 | D        | Found the +5 Storm Queen's Shield {shock, Fly rElec}
  2352 | D        | Noticed Prince Ribbit
  2353 | D        | Noticed Harold
  2353 | D        | Noticed Jessica
  2353 | D        | Noticed Psyche
  2353 | D        | Noticed Agnes
  2353 | D        | Noticed Blork the orc
  2353 | D        | Noticed Nergalle
  2353 | D        | Identified Roxanne's Annotations on the Shift
  2353 | D        | Noticed Roxanne
  2353 | D        | Identified the ring "Xelar" {+Blink Fly rF- rC+ AC+4}
  2353 | D        | Noticed Grum
  2353 | D        | Noticed Azrael
  2356 | D        | Killed Prince Ribbit
  2356 | D        | Killed Sonja
  2356 | D        | Killed Jessica
  2356 | D        | Killed Agnes
  2356 | D        | Killed Frances
  2356 | D        | Killed Josephine
  2360 | D        | Your ally Blork the orc died
  2361 | D        | Killed Harold
  2361 | D        | Killed Psyche
  2361 | D        | Killed Kirke
  2361 | D        | Killed Maurice
  2361 | D        | Killed Snorg
  2361 | D        | Killed Menkaure
  2361 | D        | Killed Grum
  2361 | D        | Killed Pargi
  2361 | D        | Killed Nergalle
  2362 | D        | Reached skill level 19 in Invocations
  2369 | D        | Killed Nessos
  2370 | D        | Killed from afar by Azrael

Illustrated notes

Levels and vault maps discovered:
D:        sprint_v [room_start, room_1, room_2, room_3, room_4, room_5, room_6,
          room_7, room_8, room_9, room_10, room_11, room_12, room_13, room_14,
          room_15, room_16, room_17, room_18, room_19, room_20, room_21,
          room_22, room_23, room_24, room_25, room_26, room_27]

Skill      XL: |  1  2  3  4  5  6  7  8  9 10 11 12 13 14 |
---------------+-------------------------------------------+-----
Fighting       | 4 6 7 8 9 11 12 13 15 17 | 17.7
Polearms       | 4 6 7 8 10 11 12 14 16 | 16.5
Armour         | 4 5 6 7 8 10 11 12 14 16 | 16.4
Dodging        | 1 3 4 5 6 7 8 9 11 12 | 12.6
Shields        | 4 6 7 8 10 11 12 14 16 | 16.4
Invocations    | 4 6 7 8 10 11 13 14 16 18 19 | 19.0
Evocations     | 2 4 5 6 7 8 10 11 12 14 | 14.9

Action                     |  1- 3 |  4- 6 |  7- 9 | 10-12 | 13-15 || total
---------------------------+-------+-------+-------+-------+-------++-------
  Melee: Lance             |    10 |    10 |    91 |   172 |   118 ||   401
 Invoke: Smiting           |       |       |       |     3 |       ||     3
         Give Item to Name |       |       |       |     2 |       ||     2
         Resurrection      |       |       |       |     1 |       ||     1
  Evoke: Wand              |       |       |       |    14 |       ||    14
         Tin of tremorston |       |       |       |       |     7 ||     7
    Use: Potion            |     1 |       |     1 |       |     6 ||     8
   Stab: Confused          |       |       |       |     2 |       ||     2
         Distracted        |       |       |       |     1 |     3 ||     4
 Armour: Plate armour      |     5 |     2 |    40 |    98 |    80 ||   225
  Dodge: Dodged            |       |       |    12 |    32 |    25 ||    69
  Block: Kite shield       |    14 |     6 |   131 |   240 |   142 ||   533
